 Dungeon Crawl Stone Soup version 0.32-a0-996-gb3226c233f (webtiles) character file.

Game seed: 1050982441134069261

7527 Ijustatesigmund the Cleaver (level 10, -3/96 HPs)
             Began as a Mountain Dwarf Monk on Apr 23, 2024.
             Was a Priest of Vehumet.
             Slain by a large abomination (22 damage)
             ... on level 1 of the Abyss.
             The game lasted 00:25:07 (15953 turns).

Ijustatesigmund the Cleaver (Mountain Dwarf Monk)  Turns: 15953, Time: 00:25:07

Health: -3/96      AC: 12    Str: 14    XL:     10   Next: 95%
Magic:  13/13      EV: 10    Int: 15    God:    Vehumet [***...]
Gold:   485        SH:  0    Dex: 12    Spells: 9/13 levels left

rFire   + . .        a - +1 war axe
rCold   + . .        d - orb {light}
rNeg    . . .        b - +0 ring mail
rPois   +            g - +1 helmet
rElec   +            j - +1 cloak
rCorr   +            o - +0 pair of gloves
SInv    .            t - +0 pair of boots
Will    +....        v - amulet of the acrobat
Stlth   +            (no ring)
HPRegen 0.36/turn    (no ring)
MPRegen 0.13/turn

%: acrobat
@: resistant, hasted, glowing, very quick
A: runic magic, artefact enchanting
a: Renounce Religion


You were on level 1 of the Abyss.
You worshipped Vehumet.
Vehumet was most pleased with you.
You visited 2 branches of the dungeon, and saw 10 of its levels.
You visited the Abyss 1 time.
You also visited: Ossuary.

You collected 485 gold pieces.

Inventory:

Hand Weapons
 a - a +1 war axe (weapon)
Missiles
 B - a throwing net (quivered)
Armour
 b - a +0 ring mail (worn)
 d - an orb of light (worn)
 g - a +1 helmet (worn)
 j - a +1 cloak (worn)
 o - a +0 pair of gloves (worn)
 t - a +0 pair of boots (worn)
Jewellery
 v - an amulet of the acrobat (around neck)
 x - a +6 ring of dexterity
Wands
 r - a wand of digging (5)
 u - a wand of flame (28)
Scrolls
 c - a scroll of amnesia
 z - 2 scrolls of vulnerability
 C - a scroll of acquirement {unknown}
Potions
 e - 3 potions of lignification
 i - a potion of attraction
 q - a potion of mutation
 w - a potion of enlightenment
 D - a potion of brilliance {unknown}


   Skills:
 + Level 11.3 Fighting
 + Level 12.2 Axes
 - Level 4.7 Armour
 - Level 2.1 Dodging
 + Level 2.1 Spellcasting
 - Level 4.5 Conjurations
 + Level 2.9 Earth Magic
 - Level 5.6 Evocations


You had 9 spell levels left.
You knew the following spells:

 Your Spells              Type           Power      Damage    Failure   Level
a - Magic Dart            Conj           60%        1d6       1%          1
b - Stone Arrow           Conj/Erth      24%        3d8       4%          3

Your spell library contained the following spells:

 Spells                   Type           Power      Damage    Failure   Level
 Searing Ray              Conj           30%        2d5       1%          2
 Dazzling Flash           Conj/Hex       16%        N/A       8%          3
 Mephitic Cloud           Conj/Alch/Air  6%         N/A       11%         3
 Brom's Barrelling Bould  Conj/Erth      12%        2d4       14%         4
 Fulminant Prism          Conj/Alch      4%         3d5       24%         4
 Iskenderun's Battlesphe  Conj           15%        2d7       26%         5
 Fireball                 Conj/Fire      4%         3d4       54%         5
 Conjure Ball Lightning   Conj/Air       4%         3x3d6     96%         6
 Orb of Destruction       Conj           7%         9d6       99%         7
 Silence                  Hex/Air        0%         N/A       100%        5
 Haunt                    Necr/Summ      0%         N/A       100%        7
 Borgnjor's Revivificati  Necr           0%         N/A       100%        8
 Death's Door             Necr           0%         N/A       100%        9


Dungeon Overview and Level Annotations

Branches:
Dungeon (9/15)             Temple (1/1) D:5         Ossuary (visited)
   Lair: D:8-11         Orc: D:9-12

Altars:
Ashenzari
Dithmenos
Elyvilon
Fedhas
Gozag
Kikubaaqudgha
Makhleb
Okawaru
Qazlal
Ru
Sif Muna
Trog
Uskayaw
Vehumet
Wu Jian
Xom
Zin
The Shining One
Beogh

Shops:
D:1 (

Annotations:
D:9 Erolcha


Innate Abilities, Weirdness & Mutations

Your spellcasting is much less encumbered by armour.
You can use scrolls of enchantment on lesser artefacts.


Message History

The large abomination hits you but does no damage.
The hell hog bites you but does no damage.
You feel better.
The large abomination barely misses you.
The hell hog closely misses you.
You feel better. The hell hog bites you. The large abomination hits you!!
* * * LOW HITPOINT WARNING * * *
You feel better. The hell hog barely misses you.
An iron imp comes into view.
The iron imp shouts!
The large abomination attacks as it pursues you!
The large abomination closely misses you.
The hell hog attacks as it pursues you! The hell hog closely misses you.
The large abomination barely misses you.
The hell hog attacks as it pursues you!
The hell hog bites you but does no damage.
The hell hog breathes fire at you.
The fireball explodes!
The fireball engulfs you!! You resist.
* * * LOW HITPOINT WARNING * * *
You hear a bark! x2
You feel better.
As you read the scroll labelled TATITO DUETU, it crumbles to dust.
It is a scroll of enchant weapon.
Your +0 war axe glows red for a moment.
As you read the scroll labelled WAOLOR DADUFEN, it crumbles to dust.
It is a scroll of enchant armour.
Your +0 helmet glows green for a moment.
As you read the scroll labelled HIODEE VOOGEV, it crumbles to dust.
You feel momentarily disoriented.
It was a scroll of revelation.
As you read the scroll labelled MIYDAH QEOPSEN, it dissolves into smoke.
It was a scroll of fog.
You hit the large abomination but do no damage.
The large abomination is moderately damaged.
You slash the large abomination!
The large abomination is heavily damaged.
The large abomination hits you but does no damage.
You slash the large abomination!
The large abomination is severely damaged.
The large abomination hits you!!
You die...

. .
####.#.#####.# #
..#####..#####
.## #. .#.3..# #
##.#.###.###X# ยง
.
..#.############
.#
##.#..###h###.. _
.##.####X#.# ## #
. #. #.##@##h.#..
. .
..###.####..###..
. #
#..#.####..##.#
.# .
##.#...5.#.#....
#...##.#. ..##.#.
. # ####
#.#....##.. . #
....#..##..#.## #
# ....#...#.##. #
#.. #. ###.# . ##
# ##


You could see a hell hog and a large abomination.

Vanquished Creatures
  2 two-headed ogres
  Erica (D:9)
  A centaur warrior (D:8)
  A large abomination (Abyss:1)
  Grinder (D:6)
  A wraith (D:8)
  2 yaks (D:8)
  A wyvern (D:9)
  A ynoxinul (Abyss:1)
  Menkaure (D:7)
  Duvessa (D:7)
  2 sky beasts
  3 centaurs
  4 phantoms
  2 gnoll sergeants
  3 bullfrogs
  2 scorpions (D:4)
  2 wights (D:8)
  A burial acolyte (Ossuary)
  11 water moccasin zombies (Ossuary)
  Dowan (D:7)
  2 electric eels (D:9)
  A howler monkey (D:5)
  3 hounds
  A spectral scorpion (Ossuary)
  4 bombardier beetles
  5 jellies
  3 gnoll boudas
  A starcursed mass (Abyss:1)
  5 orc priests
  Crazy Yiuf (D:3)
  Jessica (D:2)
  A sleepcap (D:5)
  4 iguanas
  7 orc wizards
  A bullfrog simulacrum (Ossuary)
  2 mummies (Ossuary)
  9 adders
  21 gnolls
  2 white imps
  3 adder zombies (Ossuary)
  3 dart slugs
  5 ribbon worms
  24 orcs
  12 endoplasms
  4 giant cockroaches
  5 goblins
  8 hobgoblins
  3 jackals (D:2)
  4 kobolds
  A quokka (D:1)
  3 ball pythons
  5 bats
  3 frilled lizards
  9 gnoll zombies (Ossuary)
  A jackal zombie (Ossuary)
  6 orc zombies (Ossuary)
  4 rats
  A butterfly (D:5)
222 creatures vanquished.

Notes
Turn   | Place    | Note
-------+----------+-------------------------------------------
     0 | D:1      | Ijustatesigmund the Mountain Dwarf Monk began the quest for
                  | the Orb.
     0 | D:1      | Reached XP level 1. HP: 19/19 MP: 1/1
    80 | D:1      | Reached skill level 4 in Axes
    86 | D:1      | Found Nevoor's Weapon Shop.
    93 | D:1      | Reached XP level 2. HP: 26/26 MP: 2/2
   687 | D:2      | Reached XP level 3. HP: 16/33 MP: 3/3
  1272 | D:2      | Noticed Jessica
  1282 | D:2      | Killed Jessica
  1283 | D:2      | Reached skill level 5 in Axes
  1283 | D:2      | Reached XP level 4. HP: 39/41 MP: 4/4
  2054 | D:3      | Found a runed translucent door.
  2055 | D:3      | Noticed Crazy Yiuf
  2143 | D:3      | Reached skill level 5 in Fighting
  2238 | D:3      | Reached XP level 5. HP: 37/48 MP: 5/5
  2967 | D:4      | Found a shimmering altar of Xom.
  2996 | D:4      | Reached skill level 1 in Armour
  3906 | D:4      | Reached skill level 6 in Axes
  4122 | D:4      | Found an opulent altar of Gozag.
  4143 | D:4      | Reached XP level 6. HP: 56/56 MP: 6/6
  4415 | D:4      | Reached XP level 7. HP: 41/63 MP: 7/7
  4655 | D:4      | Reached skill level 7 in Axes
  5120 | D:5      | Entered Level 5 of the Dungeon
  5334 | D:5      | Noticed a vampire
  5367 | D:5      | Found a sand-covered staircase.
  5380 | Ossuary  | Entered an ossuary
  5708 | Ossuary  | Reached XP level 8. HP: 31/73 MP: 8/8
  6074 | Ossuary  | Reached skill level 8 in Axes
  6629 | Ossuary  | Reached skill level 9 in Axes
  6828 | D:5      | Found a staircase to the Ecumenical Temple.
  6854 | Temple   | Entered the Ecumenical Temple
  6934 | D:5      | Identified the +8 scimitar of Luatroi {freeze, Dex+2}
  7146 | D:3      | Killed Crazy Yiuf
  8542 | D:5      | Reached XP level 9. HP: 28/83 MP: 9/9
  8999 | D:5      | Reached skill level 10 in Axes
  9183 | D:6      | Learned a level 1 spell: Magic Dart
  9330 | D:6      | Found a glowing golden altar of the Shining One.
  9435 | D:6      | Reached skill level 1 in Evocations
  9464 | D:6      | Noticed Grinder
  9485 | D:6      | Killed Grinder
  9486 | D:6      | Reached skill level 1 in Conjurations
 10046 | D:7      | Found a radiant altar of Vehumet.
 10050 | D:7      | Noticed Dowan
 10050 | D:7      | Noticed Duvessa
 10201 | D:7      | Killed Duvessa
 10723 | D:7      | Became a worshipper of Vehumet
 10723 | D:7      | Reached * piety under Vehumet
 10723 | D:7      | Offered knowledge of Sting by Vehumet.
 10723 | D:7      | Reached ** piety under Vehumet
 11057 | D:7      | Killed Dowan
 11142 | D:7      | Offered knowledge of Mercury Vapours by Vehumet.
 11184 | D:7      | Noticed Menkaure
 11195 | D:7      | Killed Menkaure
 11626 | D:7      | Found a roughly hewn altar of Beogh.
 11955 | D:8      | Noticed a two-headed ogre
 11968 | D:8      | Killed a two-headed ogre
 11969 | D:8      | Reached skill level 10 in Fighting
 11969 | D:8      | Reached skill level 11 in Axes
 12472 | D:8      | Reached XP level 10. HP: 72/93 MP: 10/10
 12819 | D:8      | Noticed a centaur warrior
 12830 | D:8      | Killed a centaur warrior
 13026 | D:8      | Reached skill level 5 in Evocations
 13795 | D:9      | Noticed Erica
 13804 | D:9      | Killed Erica
 14080 | D:9      | Offered knowledge of Stone Arrow by Vehumet.
 14091 | D:9      | Learned a level 3 spell: Stone Arrow
 14227 | D:9      | Found a blossoming altar of Fedhas.
 14701 | D:9      | Reached skill level 1 in Earth Magic
 14753 | D:9      | Noticed a +0 dagger
 14754 | D:9      | Found a hide-covered altar of Uskayaw.
 14754 | D:9      | Noticed a +0 hand axe
 14904 | D:9      | Found an ornate altar of the Wu Jian Council.
 15019 | D:9      | Reached skill level 1 in Spellcasting
 15077 | D:9      | Noticed a two-headed ogre
 15093 | D:9      | Killed a two-headed ogre
 15094 | D:9      | Reached skill level 12 in Axes
 15435 | D:9      | Reached *** piety under Vehumet
 15437 | D:9      | Noticed Erolcha
 15447 | Abyss:1  | Cast into level 1 of the Abyss (Erolcha)
 15500 | Abyss:1  | Noticed a sun demon
 15515 | Abyss:1  | Noticed a large abomination
 15522 | Abyss:1  | Killed a large abomination
 15571 | Abyss:1  | Noticed a lich
 15744 | Abyss:1  | Noticed a starcursed mass
 15776 | Abyss:1  | Noticed a smoke demon
 15863 | Abyss:1  | Found a corrupted altar of Lugonu.
 15917 | Abyss:1  | Noticed a hell hog
 15918 | Abyss:1  | Noticed a large abomination
 15947 | Abyss:1  | Noticed a thrashing horror
 15953 | Abyss:1  | Slain by a large abomination

Illustrated notes

Levels and vault maps discovered:
D:1:      dpeg_arrival_court, layout_basic, serial_shops, shop
D:2:      layout_basic, uniq_jessica
D:3:      layout_loops_ring, lightli_corner_chamber, uniq_crazy_yiuf_cottage
D:4:      layout_cave_pools, mainiacjoe_overflow_small_starburst,
          mainiacjoe_overflow_chevrons, serial_column_ruins,
          column_ruins_square_small, column_ruins_hut, column_ruins_grid_3,
          column_ruins_open_tiny, column_ruins_open_large,
          column_ruins_columns_corner, column_ruins_corridor_straight,
          column_ruins_grid_1, column_ruins_grid_3,
          serial_library_hellmonk_h_bend, amcnicky_mini_rare_corridor_liquid,
          chequers_serial_rivers_micro_c, hangedman_feature_mirror
D:5:      layout_basic, minmay_temple_entry_butterflies,
          lightli_ossuary_entry_decrepit_ruins, guppyfry_early_lair_pool
D:6:      layout_cave_pools, nicolae_overflow_crystal_walls,
          serial_column_ruins, column_ruins_hut, column_ruins_open_medium,
          column_ruins_columns_straight, column_ruins_columns_straight,
          column_ruins_open_tiny, minivault_25, minmay_fractal_squares_5,
          uniq_grinder
D:7:      layout_cave_pools, vehumet_altar_wand_db, david_defended_altar_orc,
          uniq_duvessa, uniq_menkaure
D:8:      minmay_cornered_nines, layout_basic, serial_glass, glass_columns_a,
          glass_columns_a, glass_columns_a, glass_columns_b
D:9:      layout_gridville, kennysheep_mini,
          mainiacjoe_overflow_surrounded_room, dancing_weapons_uskayaw,
          mainiacjoe_overflow_alcove_4, chequers_big_river, uniq_erica,
          uniq_erolcha
Temple:   hellmonk_temple_of_storms
Abyss:1:  base: D:3, gammafunk_corrupted_shrine

Skill      XL: |  1  2  3  4  5  6  7  8  9 10 |
---------------+-------------------------------+-----
Axes           | 4 5 6 7 9 11 12 | 12.2
Fighting       | 4 5 6 7 9 10 11 | 11.3
Armour         | 2 3 4 |  4.7
Evocations     | 4 5 |  5.6
Conjurations   | 3 4 |  4.5
Earth Magic    | 2 |  2.9
Spellcasting   | 2 |  2.1
Dodging        | |  2.1

Action                     |  1- 3 |  4- 6 |  7- 9 | 10-12 || total
---------------------------+-------+-------+-------+-------++-------
  Melee: Hand axe          |    87 |       |       |       ||    87
         War axe           |    15 |   151 |   440 |   206 ||   812
  Throw: Throwing net      |       |       |       |     1 ||     1
   Cast: Magic Dart        |       |       |     5 |     2 ||     7
         Stone Arrow       |       |       |       |     2 ||     2
  Evoke: Wand              |       |       |     6 |     8 ||    14
    Use: Scroll            |       |     4 |    13 |     7 ||    24
         Potion            |       |       |     9 |    12 ||    21
 Armour: Robe              |    47 |    56 |       |       ||   103
         Ring mail         |       |    61 |   360 |   159 ||   580
  Dodge: Dodged            |    73 |    70 |   245 |   141 ||   529

Table legend: (Time is in decaauts)
 A = Elapsed time spent in this place.
 B = Non-inter-level travel time spent in this place.
 C = Inter-level travel time spent in this place.
 D = Time resting spent in this place.
 E = Time spent auto-exploring this place.
 F = Levels seen in this place.
 G = Mean time per level.
                   A        B        C        D        E       F      G
               +--------+--------+--------+--------+--------+-----+--------+
         Total |  15996 |  15338 |    658 |   7835 |   5362 |  12 | 1333.0 |
       Dungeon |  14062 |  13421 |    641 |   6412 |   5273 |   9 | 1562.4 |
        Temple |     31 |     15 |     16 |      0 |      0 |   1 |   31.0 |
         Abyss |    518 |    518 |      0 |    382 |      0 |   1 |  518.0 |
       Ossuary |   1384 |   1384 |      0 |   1041 |     89 |   1 | 1384.0 |
               +--------+--------+--------+--------+--------+-----+--------+

Top non-repeatable levels by time:
     D:5: 2068 daAuts
     D:4: 1773 daAuts
     D:7: 1762 daAuts
     D:9: 1645 daAuts
     D:6: 1621 daAuts
     D:8: 1589 daAuts
     D:3: 1559 daAuts
     D:2: 1457 daAuts
 Ossuary: 1384 daAuts
     D:1: 583 daAuts
 Abyss:1: 518 daAuts
  Temple: 31 daAuts
